 Dungeon Crawl Stone Soup version 0.31.0-32-g396128a36d (webtiles) character file.

Game seed: 9869954441707652211

72 Peloso the Trooper (level 4, -3/41 HPs)
             Began as a Minotaur Fighter on Mar 17, 2024.
             Slain by a gnoll
             ... wielding a +0 halberd
              (9 damage)
             ... on level 2 of the Dungeon.
             The game lasted 00:03:23 (1180 turns).

Peloso the Trooper (Minotaur Fighter)               Turns: 1180, Time: 00:03:23

Health: -3/41      AC: 10    Str: 20    XL:     4   Next: 6%
Magic:  3/3        EV:  8    Int:  5    God:
Gold:   79         SH:  5    Dex: 12    Spells: 3/3 levels left

rFire   . . .        a - +0 long sword
rCold   . . .        d - +0 buckler
rNeg    . . .        c - +0 chain mail
rPois   .            (helmet restricted)
rElec   .            (no cloak)
rCorr   .            h - +0 pair of gloves
SInv    .            (no boots)
Will    .....        (no amulet) Stlth
                     (no ring)
HPRegen 0.26/turn    (no ring)
MPRegen 0.08/turn

%: no passive effects
@: no status effects
A: horns 2, retaliatory headbutt
a: no special abilities


You were on level 2 of the Dungeon.
You visited 1 branch of the dungeon, and saw 4 of its levels.

You collected 123 gold pieces.
You spent 44 gold pieces at shops.

Inventory:

Hand Weapons
 a - a +0 long sword (weapon)
Armour
 b - a +0 scale mail
 c - a +0 chain mail (worn)
 d - a +0 buckler (worn)
 h - a +0 pair of gloves (worn)
Scrolls
 f - a scroll of acquirement
 g - a scroll of enchant weapon
 i - 2 scrolls of identify
 j - a scroll of brand weapon
 k - a scroll of butterflies {unknown}
 l - 5 scrolls of noise {unknown}
Potions
 e - 3 potions of might


   Skills:
 + Level 4.4 Fighting
 + Level 3.3 Long Blades
 + Level 4.1 Armour
 + Level 0.8 Dodging
 + Level 4.3 Shields


You had 3 spell levels left.
You didn't know any spells.
Your spell library was empty.

Dungeon Overview and Level Annotations

Branches:
Dungeon (4/15)
 Temple: D:4-7

Altars:

Shops:
D:2 ?


Innate Abilities, Weirdness & Mutations

You have a pair of horns on your head.
You reflexively headbutt those who attack you in melee.


Message History

As you read the scroll of identify, it crumbles to dust.
f - a scroll of acquirement You see here 5 javelins.
A gnoll comes into view. It is wielding a +0 halberd.
The gnoll shouts!
You hear a shout! x3
A goblin comes into view. It is wielding a +0 club.
There are monsters nearby!
A gnoll comes into view. It is wielding a +0 spear.
The goblin shouts!
A gnoll comes into view. It is wielding a +0 halberd.
The gnoll shouts!
A gnoll comes into view. It is wielding a +0 whip.
The gnoll hits you but does no damage.
You hit the gnoll but do no damage. The gnoll hits you with a +0 halberd.
You closely miss the gnoll. Your headbutt misses the gnoll.
The gnoll hits you with a +0 halberd. x2
You hit the gnoll.
You headbutt the gnoll, but do no damage.
The gnoll is moderately wounded.
The gnoll hits you with a +0 halberd!
You hit the gnoll but do no damage.
The gnoll is moderately wounded.
The gnoll hits you with a +0 halberd!
You closely miss the gnoll.
The gnoll is lightly wounded.
The gnoll barely misses you.
Unknown command.
You block the gnoll's attack.
The gnoll hits you from afar with a +0 halberd.
Found a fizzy yellow potion.
The gnoll attacks as it pursues you! The gnoll hits you but does no damage.
The gnoll hits you from afar with a +0 halberd.
The gnoll closely misses you.
You see here a fizzy yellow potion.
The gnoll attacks as it pursues you!
The gnoll hits you from afar with a +0 halberd!
* * * LOW HITPOINT WARNING * * *
There is a stone staircase leading up here.
The gnoll hits you from afar with a +0 halberd!
You die...

#).....######.....###...†.##.#
#.#...## ##[..####.....##.#
#.##.## ##.....)......#.####
..##.# #..##...........(..
####.# #..###.......#....# #.#
#......#.....#####.#
#.#.##.##...## #.#
#.#.##.##..## #.# #.#@.g.g..##
#.# ####.#### #####g# .....
#.g...# #.#.#.#####.###.#
..........g......# ..#
#.#g#####.##### ... ... #.# ..
#.# #.# ..#


You could see a gnoll and a goblin.

Vanquished Creatures
  2 adders
  3 dart slugs
  An orc (D:4)
  5 ball pythons
  5 bats
  5 endoplasms
  3 giant cockroaches
  6 goblins
  A hobgoblin (D:1)
  3 jackals (D:4)
  5 kobolds
  2 quokkas (D:1)
  A frilled lizard (D:3)
  2 rats
44 creatures vanquished.

Notes
Turn   | Place    | Note
-------+----------+-------------------------------------------
     0 | D:1      | Peloso the Minotaur Fighter began the quest for the Orb.
     0 | D:1      | Reached XP level 1. HP: 19/19 MP: 0/0
   105 | D:1      | Reached XP level 2. HP: 27/27 MP: 1/1
   712 | D:2      | You fall into a shaft and drop 2 floors!
   723 | D:4      | Reached XP level 3. HP: 30/33 MP: 2/2
  1035 | D:2      | Found Maaje's Magic Scroll Shoppe.
  1047 | D:2      | Reached XP level 4. HP: 39/41 MP: 3/3
  1119 | D:2      | Bought a scroll of identify for 22 gold pieces
  1119 | D:2      | Bought a scroll of identify for 22 gold pieces
  1119 | D:2      | Identified a scroll of acquirement
  1180 | D:2      | Slain by a gnoll

Illustrated notes

Levels and vault maps discovered:
D:1:      dpeg_arrival_radiant, layout_basic
D:2:      layout_loops_ring, serial_shops, shop_scrolls, uniq_crazy_yiuf_cottage
D:3:      layout_loops_corners, shapermc_ecumenical_altar_mp_highgroup
D:4:      layout_loops_cross, fiery_altar_vehumet, serial_shops,
          nicolae_shop_crystal, nicolae_shop_real_fake_doors

Skill      XL: |  1  2  3 |
---------------+----------+-----
Shields        | 4 |  4.3
Fighting       | 4 |  4.4
Armour         | 4 |  4.1
Long Blades    | 3 |  3.3
Dodging        | |  0.8

Action                     |  1- 3 |  4- 6 || total
---------------------------+-------+-------++-------
  Melee: Long sword        |    95 |    10 ||   105
         Headbutt          |    12 |     2 ||    14
    Use: Potion            |     4 |       ||     4
         Scroll            |     1 |     2 ||     3
 Armour: Scale mail        |     9 |       ||     9
         Chain mail        |    75 |    17 ||    92
  Dodge: Dodged            |    48 |     4 ||    52
  Block: Buckler           |    29 |     3 ||    32
